[Event "*** Titled Tuesday Blitz"]
[Site "Chess.com"]
[Date "2019.01.01"]
[Round "1"]
[White "yildirim2018"]
[Black "aquaticpineapples"]
[Result "0-1"]
[WhiteElo "2489"]
[BlackElo "2098"]
[TimeControl "180+2"]
[EndTime "13:08:45 PST"]
[Termination "aquaticpineapples won by checkmate"]

1. e4 d5 2. exd5 Qxd5 3. Nf3 Bg4 4. Be2 Nc6 5. h3 Bh5 6. d4 O-O-O 7. c4 Qd7 8. d5 Bxf3 9. Bxf3 Ne5 10. Be2 e6 11. Nc3 Nf6 12. O-O exd5 13. f4 Nxc4 14. Kh2 c6 15. a4 Bd6 16. a5 g5 17. a6 b6 18. b3 gxf4 19. Kh1 Ne3 20. Bxe3 fxe3 21. Rxf6 Be5 22. Bg4 Bxf6 23. Rc1 Bxc3 24. Rxc3 f5 25. Bf3 Kb8 26. Rxe3 Rhe8 27. Rc3 Re6 28. b4 d4 29. Rd3 Rde8 30. Kh2 Qc7+ 31. g3 f4 32. Rxd4 fxg3+ 33.
Kg2 R6e7 34. b5 cxb5 35. Rd2 Re1 36. Qb3 Qc5 37. Kxg3 Rg1+ 38. Kh2 Rg7 39. Qd3 Qg1# 0-1

[Event "*** Titled Tuesday Blitz"]
[Site "Chess.com"]
[Date "2019.01.01"]
[Round "1"]
[White "bugsbunny444"]
[Black "julinha97"]
[Result "1-0"]
[WhiteElo "2512"]
[BlackElo "2102"]
[TimeControl "180+2"]
[EndTime "13:08:46 PST"]
[Termination "bugsbunny444 won by resignation"]

1. Nf3 Nf6 2. c4 g6 3. b4 Bg7 4. Bb2 O-O 5. g3 a5 6. b5 b6 7. Bg2 Bb7 8. O-O c5 9. bxc6 Nxc6 10. Na3 Nb4 11. Nb5 d5 12. a3 Na6 13. Ne5 Nc5 14.
d3 a4 15. Rc1 Nb3 16. Rc2 Rc8 17. Nd4 Nh5 18. Nxb3 axb3 19. Rd2 Qd6 20. Ng4 Bxb2 21. Rxb2 f5 22. Ne3 e6 23. Qxb3 f4 24. Qxb6 Rc6 25.
Qxb7 fxe3 26. fxe3 Rxf1+ 27. Kxf1 Qf8+ 28. Bf3 Rc8 29. cxd5 e5 30. Kg2 Nf6 31. d6 g5 32. Bd5+ Kh8 33. Qf7 Nxd5 34. Qxd5 Qf6 35. Rb5 Rf8 36.
Qxe5 Kg7 37. Qxg5+ Qxg5 38. Rxg5+ Kf6 39. Rg4 Ke6 40. Rd4 Kd7 41. e4 Ra8 42. a4 1-0

[Event "*** Titled Tuesday Blitz"]
[Site "Chess.com"]
[Date "2019.01.01"]
[Round "1"]
[White "Pudor"]
[Black "Samuray111"]
[Result "0-1"]
[WhiteElo "2274"]
[BlackElo "2633"]
[TimeControl "180+2"]
[EndTime "13:08:47 PST"]
[Termination "Samuray111 won by resignation"]

1. d4 Nf6 2. c4 g6 3. Nc3 Bg7 4. e4 O-O 5. Be2 d6 6. Nf3 e5 7.
O-O Nc6 8. d5 Ne7 9. Ne1 Nd7 10.
Nd3 f5 11. Bd2 Nf6 12. f3 f4 13. g4 g5 14. Kg2 h5 15. h3 c5 16. Rb1 Ng6 17.
Be1 Rf7 18. Bf2 Bf8 19. Rh1 Rh7 20. Qc2 Bd7 21. b4 b6 22. a4 Qc8 23. Qd1 Be7 24. bxc5 bxc5 25. Rb2 Nh8 26. Nxc5 dxc5 27. d6 Bd8 28. Nd5 Nf7 29. Nxf6+ Bxf6 30. Qd5 Bc6 31. Qxc5 Nh6 32. Rhb1 Qd7 33. Rb8+ Rxb8 34. Rxb8+ Kg7 35. Qb4 hxg4 36. hxg4 Nxg4 37. fxg4 Bxe4+ 38. Kf1 f3 39. Bd1 Rh1+ 40. Bg1 Qxg4 41. Rb7+ Kg6 42. Qc5 Bxb7 43. Bc2+ e4 44. Qxa7 Qg2+ 0-1

[Event "*** Titled Tuesday Blitz"]
[Site "Chess.com"]
[Date "2019.01.01"]
[Round "1"]
[White "TBergh98"]
[Black "DmitryMaximov"]
[Result "1-0"]
[WhiteElo "2256"]
[BlackElo "2574"]
[TimeControl "180+2"]
[EndTime "13:08:47 PST"]
[Termination "TBergh98 won by resignation"]

1. Nf3 Nf6 2. c4 g6 3. Nc3 Bg7 4. e4 O-O 5. d4 d6 6. Be2 e5 7.
dxe5 dxe5 8. Qxd8 Rxd8 9. Bg5 Re8 10. Nd5 Nxd5 11. cxd5 c6 12. Bc4 cxd5 13. Bxd5 Nd7 14. Nd2 h6 15. Be3 Nf6 16. Bb3 Ng4 17. Bc5 Be6 18.
f3 Nf6 19. Bxe6 Rxe6 20. Ke2 Nd7 21. Be3 Bf8 22. Rhc1 Bd6 23. Rc2 b6 24. Bxh6 g5 25. Bxg5 Rg6 26. h4 f6 27. Be3 Rxg2+ 28. Kf1 Rh2 29.
Kg1 Rxh4 30. Rac1 Kf7 31. Rc8 Rh8 32. Rxa8 Rxa8 33. Rc6 Bc5 34. Nc4 Rg8+ 35. Kf2 Bxe3+ 36.
Nxe3 Nc5 37. Rc7+ Ke6 38. Nf5 Nd7 39. Rc6+ Kf7 40. Nh6+ Kg7 41. Nxg8 Kxg8 42. Rc7 Nc5 43. Ke3 a5 44. Rc6 Kf7 45. Rxb6 Ne6 46. Ra6 Nd4 47.
Rxa5 Kg6 48. Rd5 Nc2+ 49. Kd2 Nb4 50. Ra5 Kg5 51. a3 Nc6 52. Rc5 Nd4 53. Ke3 Kh4 54. Rc4 Ne6 55. a4 Kg3 56. a5 Ng5 57. a6 Nxf3 58. a7 1-0

[Event "*** Titled Tuesday Blitz"]
[Site "Chess.com"]
[Date "2019.01.01"]
[Round "1"]
[White "MikeSailer"]
[Black "Doraemon7"]
[Result "0-1"]
[WhiteElo "2117"]
[BlackElo "2520"]
[TimeControl "180+2"]
[EndTime "13:08:47 PST"]
[Termination "Doraemon7 won by resignation"]

1. b4 d5 2. Bb2 Bf5 3. e3 e6 4.
Nf3 Nf6 5. b5 Be7 6. Be2 O-O 7.
O-O h6 8. a4 a6 9. c4 c6 10. d4 axb5 11. axb5 Rxa1 12. Bxa1 cxb5 13. cxb5 Nbd7 14. Nbd2 Qa5 15. Ne5 Rc8 16. Nxd7 Nxd7 17. Nf3 Nb6 18. Ne5 Bc2 19. Qe1 Bb4 20. Qc1 Bd3 21.
Qd1 Bxb5 22. Bxb5 Qxb5 23. Qf3 Rc7 24. h4 Nc4 25. Nxc4 Qxc4 26. g4 Be7 27. Qg3 b5 28. Bb2 Rb7 29. Rc1 Qe2 30. Rc8+ Kh7 31. g5 hxg5 32. hxg5 Qd1+ 33. Kg2 Qh5 34. Rc1 Qxg5 35. Qxg5 Bxg5 36. Kg3 Be7 37. f3 Bd6+ 38. Kg4 Kg6 39. e4 Rc7 40. e5 Rxc1 41. Bxc1 Bb4 42. Bb2 Bd2 43. Ba3 b4 44. Bb2 Bc3 45. Bc1 b3 0-1

[Event "*** Titled Tuesday Blitz"]
[Site "Chess.com"]
[Date "2019.01.01"]
[Round "1"]
[White "Chessialist"]
[Black "m3alam"]
[Result "0-1"]
[WhiteElo "2514"]
[BlackElo "2142"]
[TimeControl "180+2"]
[EndTime "13:08:48 PST"]
[Termination "m3alam won by resignation"]

1. e4 c6 2. d4 d5 3. Nc3 dxe4 4. Nxe4 Bf5 5. Ng3 Bg6 6. h4 h6 7. Nf3 Nd7 8. h5 Bh7 9. Bd3 Bxd3 10. Qxd3 e6 11.
Bf4 Qa5+ 12. Bd2 Bb4 13. c3 Be7 14. c4 Qc7 15. O-O-O O-O-O 16. Qe2 c5 17. Bc3 cxd4 18. Nxd4 a6 19. Kb1 Ngf6 20. Ndf5 Bf8 21. Ne3 Nc5 22. Rxd8+ Qxd8 23. Rd1 Qb6 24. Bd4 Qc6 25. Qc2 Be7 26. f3 Rd8 27. Bxf6 Rxd1+ 28. Qxd1 Bxf6 29. Ng4 Qd7 30. Qc2 Bh4 31. Ne2 f5 32. Ne5 Qd6 33. Ng6 Bf6 34.
a3 Nd3 35. Nc3 Ne1 36. Qe2 Bxc3 37. bxc3 Qd3+ 38. Qxd3 Nxd3 39. g3 Kd8 40. f4 Nf2 41. Ne5 Ne4 42. g4 fxg4 43. Nxg4 Nxc3+ 44. Kc2 Ne2 45. Kd3 Nxf4+ 46. Ke4 Nxh5 47. Ke5 Ke7 48. c5 Nf6 49. Kd4 Nxg4 50. a4 Kd7 0-1

[Event "*** Titled Tuesday Blitz"]
[Site "Chess.com"]
[Date "2019.01.01"]
[Round "1"]
[White "Torrentec"]
[Black "Kangoroo3000"]
[Result "0-1"]
[WhiteElo "2326"]
[BlackElo "2668"]
[TimeControl "180+2"]
[EndTime "13:08:49 PST"]
[Termination "Kangoroo3000 won on time"]

1. e4 e6 2. d4 d5 3. Nc3 Bb4 4. e5 Ne7 5. a3 Bxc3+ 6. bxc3 c5 7. Qg4 Qc7 8. Qxg7 Rg8 9. Qxh7 cxd4 10. Ne2 Nbc6 11.
f4 Bd7 12. Qd3 dxc3 13. Be3 Nf5 14. Bf2 Na5 15. h3 Nc4 16. g4 Ne7 17. Bg2 Bb5 18. Qxc3 Rc8 19. Nd4 Bd7 20. O-O a6 21. a4 Ng6 22.
Bg3 Qc5 23. Kh2 Rh8 24. Rae1 Nh4 25. f5 Nxg2 26. Kxg2 Kd8 27. fxe6 fxe6 28. Rf7 Qb6 29. Bf4 Rg8 30. Qd3 Kc7 31. Qh7 Rcd8 32. c3 Qb2+ 33.
Kg3 Qxc3+ 34. Nf3 Rgf8 35. Rc1 Qa3 36. Kg2 Rxf7 37. Qxf7 Rf8 38. Rxc4+ dxc4 0-1

[Event "*** Titled Tuesday Blitz"]
[Site "Chess.com"]
[Date "2019.01.01"]
[Round "1"]
[White "Tjktiger"]
[Black "tarantul1"]
[Result "1-0"]
[WhiteElo "2724"]
[BlackElo "2366"]
[TimeControl "180+2"]
[EndTime "13:08:52 PST"]
[Termination "Tjktiger won by resignation"]

1. c4 Nf6 2. Nc3 e6 3. e4 d5 4.
cxd5 exd5 5. e5 Ne4 6. Nf3 Bf5 7. d3 Nxc3 8. bxc3 c6 9. d4 Nd7 10. g3 Be7 11. Bg2 O-O 12. O-O f6 13. Nh4 Be6 14. exf6 Nxf6 15. Re1 Bg4 16. Qb3 Qd7 17. Nf3 Bxf3 18.
Bxf3 Kh8 19. Bf4 Rae8 20. Bg2 Bd8 21. Be5 Ng4 22. Bh3 Rxf2 23. Bxg4 Qxg4 24. Kxf2 Rf8+ 25.
Kg1 Qf3 26. Qc2 Bg5 27. Bf4 Bxf4 28. gxf4 Qxf4 29. Rf1 Qg5+ 30. Qg2 Qe3+ 31. Kh1 Rg8 32. Rf3 Qe6 33. Raf1 a5 34. Rf8 Qe7 35. Rxg8+ Kxg8 36. Qf3 h6 37. a4 Qa3 38. Qf7+ Kh7 39. Rg1 1-0

[Event "*** Titled Tuesday Blitz"]
[Site "Chess.com"]
[Date "2019.01.01"]
[Round "1"]
[White "VeraNebolsina"]
[Black "gmjlh"]
[Result "1-0"]
[WhiteElo "2347"]
[BlackElo "2656"]
[TimeControl "180+2"]
[EndTime "13:08:53 PST"]
[Termination "VeraNebolsina won by checkmate"]

1. e4 c5 2. Nc3 Nc6 3. Bb5 Nd4 4.
Nf3 e6 5. O-O Ne7 6. Nxd4 cxd4 7.
Ne2 Qb6 8. Bd3 Nc6 9. c3 Bd6 10. b4 O-O 11. Bb1 a5 12. b5 Qxb5 13. Nxd4 Nxd4 14. cxd4 Qb4 15. e5 Be7 16. Qc2 g6 17. Qc3 b6 18. a4 Ba6 19. Re1 Rac8 20. Qe3 Qc4 21. Ba2 Qxa4 22. Bb2 Qc6 23. d5 Qc5 24. Bd4 Qb4 25. Reb1 Bg5 26. f4 Qa4 27. fxg5 Bc4 28. Bb3 Qb5 29. Bxc4 Qxc4 30. Bxb6 Qxd5 31. Rxa5 Qc4 32.
Rc5 Rxc5 33. Bxc5 Rc8 34. d4 Ra8 35. Qf3 Re8 36. Rf1 f5 37. gxf6 Kf7 38. Qh3 h5 39.
Qe3 Rh8 40. Ra1 h4 41. h3 Rh5 42. Ra8 g5 43. Rf8+ Kg6 44. Qe4+ Kh6 45. Rh8# 1-0

[Event "*** Titled Tuesday Blitz"]
[Site "Chess.com"]
[Date "2019.01.01"]
[Round "1"]
[White "Babas"]
[Black "Didici"]
[Result "0-1"]
[WhiteElo "2252"]
[BlackElo "2607"]
[TimeControl "180+2"]
[EndTime "13:08:54 PST"]
[Termination "Didici won by resignation"]

1. d4 d5 2. c4 e6 3. Nf3 Nf6 4.
g3 Bb4+ 5. Nbd2 dxc4 6. Bg2 O-O 7. O-O b5 8. a4 c6 9. Qc2 Bb7 10. b3 cxb3 11. Nxb3 Nbd7 12. Rd1 Qe7 13. Bg5 h6 14. Bd2 Rfc8 15. Bxb4 Qxb4 16. Nc5 Nxc5 17. dxc5 Nd5 18. Rd3 a6 19. Nd4 Rab8 20. e3 Ba8 21. Bf1 bxa4 22.
Rxa4 Qb1 23. Qxb1 Rxb1 24. Kg2 Rc1 25. Nb3 Rc2 26. Rxa6 Nb4 27. Rd7 Nxa6 28. Bxa6 Rb8 29. Nd4 Rxc5 30. Rc7 Ra5 31. Bc4 c5+ 32. Nf3 Ra4 33.
Be2 c4 34. Rxc4 Ra2 35. Bd1 Rbb2 36. Kh3 Bxf3 37. Bxf3 g6 38. Rc8+ Kg7 39. Bd5 exd5 0-1

[Event "*** Titled Tuesday Blitz"]
[Site "Chess.com"]
[Date "2019.01.01"]
[Round "1"]
[White "BlackBoarder"]
[Black "Raffael89"]
[Result "1-0"]
[WhiteElo "2564"]
[BlackElo "2195"]
[TimeControl "180+2"]
[EndTime "13:08:54 PST"]
[Termination "BlackBoarder won by resignation"]

1. e4 d5 2. exd5 Qxd5 3. Nf3 Bg4 4. Be2 Nc6 5. h3 Bxf3 6. Bxf3 Qe5+ 7. Qe2 Qxe2+ 8. Bxe2 O-O-O 9. c3 e5 10. d3 g6 11. h4 Bh6 12. Bxh6 Nxh6 13. Nd2 f5 14. h5 Nf7 15. Nc4 a6 16. Kd2 b5 17. Ne3 Ne7 18. Kc2 Nd5 19. Nxd5 Rxd5 20. hxg6 hxg6 21. Rxh8+ Nxh8 22. Rh1 Nf7 23. Rh7 Nd8 24. Rg7 Rd6 25. a4 Ne6 26. Rg8+ Kb7 27. Bf3+ c6 28. a5 Nf4 29.
Rg7+ Kb8 30. d4 e4 31. g3 Nd3 32. Be2 Nxf2 33. Kd2 Nh3 34. Ke3 Ng5 35. Rg8+ Kc7 36. Kf4 Ne6+ 37. Ke5 Kd7 38. Rxg6 Ke7 39. Kxf5 e3 40.
Rg4 c5 41. Re4 cxd4 42. cxd4 Kd7 43. Ke5 Nxd4 44. Rxd4 1-0

[Event "*** Titled Tuesday Blitz"]
[Site "Chess.com"]
[Date "2019.01.01"]
[Round "1"]
[White "PrascaR"]
[Black "Parhamov"]
[Result "0-1"]
[WhiteElo "2453"]
[BlackElo "2909"]
[TimeControl "180+2"]
[EndTime "13:08:55 PST"]
[Termination "Parhamov won on time"]

1. e4 c5 2. Nf3 d6 3. Nc3 Nf6 4. d4 cxd4 5. Nxd4 Nc6 6. g3 Bg4 7. f3 Bd7 8. Be3 a6 9. g4 g6 10. Qd2 Rc8 11. Nxc6 Bxc6 12. O-O-O Bg7 13. h4 h5 14. g5 Nd7 15. Bd4 Ne5 16. Be2 O-O 17. f4 Nd7 18. Bxg7 Kxg7 19. Qd4+ Kg8 20. Rhg1 Qb6 21.
Nd5 Bxd5 22. exd5 Qxd4 23. Rxd4 a5 24. Re1 Nc5 25. Bb5 Rc7 26. c3 Rd8 27. Rd2 e6 28.
Kb1 Kf8 29. Bf1 a4 30. Bh3 exd5 31. Rxd5 Re7 32. Rxe7 Kxe7 33. f5 gxf5 34. Bxf5 b5 35. Kc2 Rb8 36. b4 axb3+ 37. axb3 b4 38. Rd4 bxc3 39. b4 Na6 40. Kxc3 Nc7 41. Kc4 Na6 42. Kc3 Nc7 43. Kc4 Rb5 44. Bd3 d5+ 45. Kb3 Rb8 46. Ka4 Kd6 47. Rf4 Ke7 48. b5 Ne6 49. Rf3 Kd6 50. Kb4 Rb7 0-1

[Event "*** Titled Tuesday Blitz"]
[Site "Chess.com"]
[Date "2019.01.01"]
[Round "1"]
[White "Atanejhad"]
[Black "TrimitziosP7"]
[Result "0-1"]
[WhiteElo "2249"]
[BlackElo "2604"]
[TimeControl "180+2"]
[EndTime "13:08:59 PST"]
[Termination "TrimitziosP7 won by resignation"]

1. d4 Nf6 2. c4 e6 3. Nf3 c5 4. d5 exd5 5. cxd5 d6 6. Nc3 g6 7. h3 Bg7 8. e4 O-O 9. Bd3 b5 10. Nxb5 Re8 11. O-O Nxe4 12. Re1 a6 13.
Na3 Nf6 14. Rxe8+ Nxe8 15. Bg5 Qc7 16. Nc4 Bb7 17. Rc1 Nd7 18. Bf1 Ndf6 19. Ne3 h6 20. Bf4 Nh5 21. Bh2 Bxb2 22. Rb1 Bg7 23. Nd2 Nhf6 24.
Qb3 Bc8 25. Qb6 Bf8 26. Ndc4 Ne4 27. Bd3 Nc3 28. Qxc7 Nxc7 29. Rb6 N3xd5 30. Nxd5 Nxd5 31. Rb3 Be6 32. Bxd6 Nb4 33. Bxf8 Rxf8 34. Be2 Nxa2 35. Ra3 Nb4 36. Ra5 Bxc4 37. Bxc4 Rc8 38. g4 Rc6 39. h4 Kf8 40. f4 f6 41. h5 g5 42. fxg5 fxg5 43.
Kf2 Ke7 44. Ke3 Kf6 45. Ke4 Ke7 46. Kf5 Kd7 47. Ke5 Kc7 48. Be6 Kb6 49. Ra1 c4 50. Bf5 c3 51. Rb1 a5 52. Be6 c2 53. Rc1 Nd3+ 0-1

[Event "*** Titled Tuesday Blitz"]
[Site "Chess.com"]
[Date "2019.01.01"]
[Round "1"]
[White "NTBT_DHS"]
[Black "Manukyan_Artak"]
[Result "1-0"]
[WhiteElo "2715"]
[BlackElo "2363"]
[TimeControl "180+2"]
[EndTime "13:09:01 PST"]
[Termination "NTBT_DHS won by resignation"]

1. d4 d6 2. Nf3 Bg4 3. Nbd2 Nf6 4. h3 Bxf3 5. exf3 g6 6. Bd3 Bg7 7. O-O O-O 8. Re1 d5 9. c3 e6 10. Nf1 Nbd7 11. Bf4 c5 12. Qd2 Qb6 13. dxc5 Nxc5 14. Be2 a5 15. Rab1 Rfc8 16. Be3 Qc6 17. Rec1 Qe8 18.
b4 axb4 19. cxb4 Na4 20. Bd4 b5 21. Bd3 Rab8 22. Qe3 Nd7 23. Bxg7 Kxg7 24. Nd2 Ndb6 25. Nb3 Nc4 26. Qd4+ Kg8 27. Re1 Qf8 28. h4 Qxb4 29.
h5 Qc3 30. hxg6 hxg6 31. Rec1 Qxd4 32. Nxd4 b4 33. Nc2 Nd2 34. Ra1 b3 35. axb3 Nxb3 36.
Ba6 Rc3 37. Rcb1 Rxc2 38. Rxa4 Rc1+ 39. Rxc1 Nxc1 40. Ra1 Nb3 41. Rb1 d4 42. Bc4 d3 43.
Rxb3 Rxb3 44. Bxb3 d2 45. Kf1 g5 46. Ke2 Kg7 47.
Kxd2 1-0

[Event "*** Titled Tuesday Blitz"]
[Site "Chess.com"]
[Date "2019.01.01"]
[Round "1"]
[White "Vrolijk"]
[Black "Opening_Prep"]
[Result "0-1"]
[WhiteElo "2719"]
[BlackElo "2392"]
[TimeControl "180+2"]
[EndTime "13:09:02 PST"]
[Termination "Opening_Prep won by resignation"]

1. Nf3 d5 2. e3 c6 3. c4 Nf6 4.
Nc3 g6 5. d4 Bg7 6. Be2 O-O 7. O-O dxc4 8. Bxc4 b5 9. Be2 Bb7 10.
a3 a5 11. Rb1 b4 12. Na4 Nbd7 13. Bd2 Nd5 14. Qc2 Rc8 15. e4 N5f6 16. axb4 axb4 17.
Bxb4 c5 18. Bxc5 Bxe4 19. Bd3 Bxd3 20. Qxd3 Nxc5 21. Nxc5 Rxc5 22. b4 Rc8 23. b5 Qd5 24. Rfe1 e6 25. Ne5 Rfd8 26. Nc6 Rd7 27. Rbc1 Rcc7 28. Rc5 Qd6 29. Qc4 Nd5 30. g3 Nb6 31. Qb4 Bxd4 32. Rcc1 Qxb4 33. Nxb4 Bc3 34. Na6 Bxe1 35.
Nxc7 Ba5 36. Na6 Nd5 37. Rc8+ Kg7 38. Kg2 Rb7 39. Rc5 Bb6 40. Rc2 Bd4 41. Rc4 Be5 42.
Rc5 Bd4 43. Rc4 Bf6 44. Rc5 Be7 45. Rc2 Rxb5 46. Rc8 Bf6 47. Rc4 Rb7 48. Nc5 Rc7 49. Rc1 Be7 50. Nd3 Rxc1 51. Nxc1 Kf6 52. Nd3 e5 53. Nb2 Ke6 54. Kf3 f5 55. Ke2 e4 56.
Nc4 Bc5 57. f3 Nf6 58. fxe4 fxe4 59. h3 Kd5 60. Nd2 Nd7 61. Nb1 Kc4 62. Nd2+ Kd5 63. Nb1 Bd4 64. Nd2 Ne5 65. Nb3 Bb6 66. Nd2 Nc4 67.
Nb3 Ke5 68. Kf1 h5 69. Kg2 Ne3+ 70. Kf2 Nf5+ 71. Kg2 Nd4 72. Nd2 Kd5 73. Nf1 Nf5 74. g4 Ne3+ 75. Nxe3+ Bxe3 76. gxh5 gxh5 0-1

[Event "*** Titled Tuesday Blitz"]
[Site "Chess.com"]
[Date "2019.01.01"]
[Round "1"]
[White "PlotnikovPavel"]
[Black "Dr-Bassem"]
[Result "1/2-1/2"]
[WhiteElo "2374"]
[BlackElo "2710"]
[TimeControl "180+2"]
[EndTime "13:09:03 PST"]
[Termination "Game drawn by repetition"]

1. d4 e6 2. e4 d5 3. e5 c5 4. c3 Nc6 5. Nf3 Bd7 6. a3 c4 7. Nbd2 Na5 8. g3 Qb6 9. h4 O-O-O 10. Bh3 f5 11. exf6 gxf6 12. O-O h5 13. Rb1 Nh6 14.
Re1 Ng4 15. b4 cxb3 16. Nxb3 Ba4 17. Nfd2 Bh6 18. Bxg4 hxg4 19. Qxg4 f5 20. Qg6 Nxb3 21. Rxe6 Qb5 22. Nxb3 Bxc1 23. Qxf5 Bxb3 24. Re8+ Qd7 25. Rxd8+ Rxd8 26. Qxd7+ Kxd7 27. Rxc1 Bc4 28. Kg2 Re8 29. g4 Bd3 30. Kg3 b5 31. h5 Re2 32. Rh1 Ke6 33. f4 Be4 34. Rg1 Re3+ 35. Kh4 Rxc3 36.
Kg5 a5 37. f5+ Kf7 38. h6 b4 39. axb4 axb4 40. Ra1 Ra3 41. Rc1 Rc3 42. Ra1 Ra3 43. Rc1 Rc3 44. Ra1 Ra3 45. Rc1 1/2-1/2

[Event "*** Titled Tuesday Blitz"]
[Site "Chess.com"]
[Date "2019.01.01"]
[Round "1"]
[White "GoingKronos"]
[Black "rasmussvane"]
[Result "0-1"]
[WhiteElo "2334"]
[BlackElo "2693"]
[TimeControl "180+2"]
[EndTime "13:09:04 PST"]
[Termination "rasmussvane won by resignation"]

1. d4 Nf6 2. c4 e6 3. Nf3 d5 4. g3 dxc4 5. Bg2 Bb4+ 6. Nc3 O-O 7. O-O Nc6 8. Bg5 h6 9. Bxf6 Qxf6 10.
e3 Rd8 11. Qe2 e5 12. Qxc4 exd4 13. Nxd4 Nxd4 14. exd4 Bd6 15. Nd5 Qe6 16. Rfe1 Qd7 17.
Re3 c6 18. Nc3 Bf8 19. d5 c5 20. Rae1 Rb8 21. a4 b6 22. h4 Bb7 23. Kh2 a6 24.
Bh3 Qd6 25. Rd1 Re8 26. Rxe8 Rxe8 27. Bg2 Qf6 28. b3 Qxf2 29. Ne4 Qb2 30. a5 b5 31. Qd3 f5 32. Nd2 Qe5 33. Nf3 Qe2 34. Qxe2 Rxe2 35. Kg1 Bd6 36. Kf1 Re3 37. Kf2 Rxb3 38. Re1 Bxd5 39. Rd1 Rb2+ 40. Kg1 Bxf3 41. Bxf3 Bxg3 42. Rd7 Bxh4 43. Bd5+ Kh7 44. Be6 Kg6 45. Ra7 c4 46.
Rxa6 c3 47. Bd5+ Kg5 48. Rc6 c2 49. a6 Rb1+ 50. Kg2 c1=Q 51. Rxc1 Rxc1 52. a7 Ra1 53. a8=Q Rxa8 54. Bxa8 Kf4 0-1

[Event "*** Titled Tuesday Blitz"]
[Site "Chess.com"]
[Date "2019.01.01"]
[Round "1"]
[White "KenanGarayev"]
[Black "catalin009"]
[Result "1-0"]
[WhiteElo "2837"]
[BlackElo "2433"]
[TimeControl "180+2"]
[EndTime "13:09:05 PST"]
[Termination "KenanGarayev won by resignation"]

1. d4 d5 2. c4 e6 3. Nc3 Nf6 4. Nf3 Bb4 5. Bg5 h6 6. Bxf6 Qxf6 7. Qb3 Bxc3+ 8. Qxc3 c6 9. g3 O-O 10. Bg2 Nd7 11. O-O b6 12. Nd2 Bb7 13. e4 Rac8 14. e5 Qe7 15. f4 c5 16. cxd5 Bxd5 17. Bxd5 exd5 18. Rac1 Rfd8 19. Nf3 cxd4 20. Qxc8 Rxc8 21. Rxc8+ Kh7 22. Nxd4 Qb4 23. Nf3 Nc5 24. Rc7 Kg8 25. Rxa7 Qxb2 26. f5 Ne4 27. e6 fxe6 28. fxe6 Qb4 29.
e7 Qc5+ 30. Kg2 Nf6 31. Re1 Ne8 32. Ra8 Qc6 33. Rd8 d4 34. Rxd4 Kh7 35. Re2 Nf6 36.
Rf4 Ne8 37. a4 Kg6 38. Rf8 Kh7 39. Kg1 Qc5+ 40. Kf1 Qc1+ 41. Kg2 Qc6 42. Rd2 Nf6 43.
Rxf6 gxf6 44. Rd8 Qc2+ 45. Kh3 Qf5+ 46. Kg2 Qc2+ 47. Nd2 Qc6+ 48. Kf1 Qc1+ 49. Ke2 1-0

[Event "*** Titled Tuesday Blitz"]
[Site "Chess.com"]
[Date "2019.01.01"]
[Round "1"]
[White "kjzsdu"]
[Black "Shivagami"]
[Result "1-0"]
[WhiteElo "2540"]
[BlackElo "2141"]
[TimeControl "180+2"]
[EndTime "13:09:06 PST"]
[Termination "kjzsdu won by resignation"]

1. e4 e5 2. Nf3 Nc6 3. Bb5 a6 4. Ba4 Nf6 5. O-O Be7 6. Re1 b5 7. Bb3 d6 8. c3 O-O 9. h3 Nb8 10. d4 Nbd7 11. Nbd2 Bb7 12. Bc2 Re8 13. Nf1 Bf8 14.
Ng3 g6 15. b3 Bg7 16. a4 c6 17.
Bb2 Rc8 18. axb5 cxb5 19. d5 Rc7 20. Qd2 Qc8 21. Ra2 Nc5 22. Ba3 Nfd7 23. Bb4 Nb6 24. Ba5 Ncd7 25. Qe3 Rc5 26. Ne2 Bf6 27. b4 Nc4 28.
Qc1 Nxa5 29. bxc5 Nc4 30. c6 Bxc6 31. dxc6 Qxc6 32. Qa1 Nc5 33. Ng3 a5 34. Rd1 b4 35.
cxb4 axb4 36. Bd3 b3 37. Ra7 b2 38. Qa2 Nxd3 39. Rxd3 Rb8 40. Rb3 Rxb3 41. Qxb3 Qb6 42. Rb7 Qa6 43. Nd2 Nxd2 44. Qxf7+ 1-0

[Event "*** Titled Tuesday Blitz"]
[Site "Chess.com"]
[Date "2019.01.01"]
[Round "1"]
[White "BartoszSocko"]
[Black "335394862"]
[Result "1-0"]
[WhiteElo "2664"]
[BlackElo "2310"]
[TimeControl "180+2"]
[EndTime "13:09:09 PST"]
[Termination "BartoszSocko won by checkmate"]

1. d4 Nf6 2. Nf3 e6 3. g3 d5 4. Bg2 Be7 5. O-O O-O 6. c4 c6 7. Nbd2 b6 8. b3 Bb7 9. Bb2 Nbd7 10. Re1 Rc8 11. Ne5 Qc7 12. e4 Rfe8 13. Nxd7 Nxd7 14. Rc1 Qd8 15. e5 c5 16. cxd5 Bxd5 17. Bxd5 exd5 18.
Qf3 Nf8 19. dxc5 bxc5 20. Rcd1 Ne6 21. Nc4 d4 22. Qe4 Qd7 23. f4 Red8 24. h4 Qd5 25. Qxd5 Rxd5 26. f5 Nc7 27. Kg2 Bf8 28. Kf3 Re8 29.
g4 g6 30. h5 Bg7 31. Kf4 h6 32. hxg6 fxg6 33. f6 Bf8 34. Bc1 Kf7 35. Ke4 Rdd8 36. Rh1 Nb5 37. Kd3 Nc3 38. Rd2 Nd5 39. Rdh2 Nb4+ 40.
Ke4 g5 41. Kf5 d3 42. Bxg5 Rd4 43. Bxh6 Nc6 44. Bf4 Red8 45. Rh7+ Ke8 46. Bg5 R8d5 47. Rc7 Nb4 48. Rhh7 Kd8 49. Rxa7 Kc8 50. Ra8# 1-0

[Event "*** Titled Tuesday Blitz"]
[Site "Chess.com"]
[Date "2019.01.01"]
[Round "1"]
[White "nurmiTV"]
[Black "JSMastropiero"]
[Result "1-0"]
[WhiteElo "2624"]
[BlackElo "2267"]
[TimeControl "180+2"]
[EndTime "13:09:16 PST"]
[Termination "nurmiTV won by resignation"]

1. c4 e6 2. Nc3 d5 3. e3 Nf6 4. Nf3 Be7 5. b3 O-O 6. Bb2 c5 7. cxd5 exd5 8. d4 cxd4 9. Nxd4 Nc6 10. Be2 Re8 11. O-O Bd7 12. Rc1 Rc8 13. Bf3 Nxd4 14. Qxd4 Bc5 15. Qf4 Bc6 16. Rfd1 Bd6 17. Qd4 a6 18. h3 Be5 19. Qh4 Qa5 20. a3 Ne4 21. b4 Qd8 22. Qxd8 Rcxd8 23. Ba1 Nxc3 24.
Bxc3 Bxc3 25. Rxc3 d4 26. Rxd4 Bxf3 27. Rxd8 Rxd8 28.
gxf3 g6 29. Kf1 Rd7 30. Ke2 Kg7 31. e4 Re7 32. Ke3 Re5 33. Rc7 Rh5 34. Rxb7 Rxh3 35. Rb6 h5 36. Rxa6 Rh1 37. Kf4 f6 38. Kg3 g5 39.
Kg2 Rb1 40. Ra5 Kg6 41. b5 h4 42. a4 Rb3 43. Ra6 g4 44. fxg4 Kg5 45. f3 Rb2+ 46. Kh3 Rf2 47. b6 Rxf3+ 48. Kg2 Kxg4 49. b7 h3+ 50. Kg1 Kg3 51. b8=Q+ 1-0

[Event "*** Titled Tuesday Blitz"]
[Site "Chess.com"]
[Date "2019.01.01"]
[Round "1"]
[White "esteban062000"]
[Black "Maikrosoft63"]
[Result "1-0"]
[WhiteElo "2155"]
[BlackElo "2495"]
[TimeControl "180+2"]
[EndTime "13:09:17 PST"]
[Termination "esteban062000 won by resignation"]

1. Nf3 Nf6 2. c4 e6 3. g3 a6 4. Bg2 b5 5. b3 Bb7 6. O-O Be7 7. Bb2 O-O 8. d4 c5 9. e3 Qb6 10. Qe2 d6 11. Nc3 b4 12. Na4 Qa7 13. dxc5 dxc5 14.
Rad1 Nc6 15. Bxf6 Bxf6 16. Rd7 Rad8 17. Rfd1 Rxd7 18. Rxd7 Rd8 19. Qd3 g6 20. Nd2 Bc8 21. Rxa7 Rxd3 22. Bxc6 Rxd2 23. Rc7 Rxa2 24. Rxc8+ Kg7 25.
Nxc5 Ra3 26. Ba4 a5 27. Nb7 h5 28. Kg2 Ra2 29. Nxa5 Bg5 30. Kf3 f5 31. Rc7+ Kh6 32. Nc6 Bf6 33. Nxb4 Rd2 34. Rd7 Rb2 35. Rd6 g5 36.
Rxe6 g4+ 37. Kg2 Kg7 38. Nd5 Bg5 39. Nf4 Kf7 40. Be8+ Kf8 41. Ba4 Kf7 42. Rc6 h4 43. Rc7+ Kf6 44. gxh4 Bxh4 45. Nd5+ Ke5 46. Re7+ Kd6 47.
Rd7+ Ke5 48. Re7+ Kd6 49. Rh7 Bxf2 50. Rh6+ Ke5 51. Kf1 Ke4 52. Nc3+ Kd3 53. Nd1 Rb1 54.
Kxf2 Rxd1 55. Rd6+ Kc2 56. Rxd1 Kxd1 57. c5 1-0

[Event "*** Titled Tuesday Blitz"]
[Site "Chess.com"]
[Date "2019.01.01"]
[Round "1"]
[White "MateusViageiro"]
[Black "iLuusions"]
[Result "0-1"]
[WhiteElo "2222"]
[BlackElo "2572"]
[TimeControl "180+2"]
[EndTime "13:09:22 PST"]
[Termination "iLuusions won by checkmate"]

1. e4 c5 2. Nf3 d6 3. d4 cxd4 4.
Nxd4 Nf6 5. Nc3 a6 6. f3 e6 7. Be3 Qc7 8. Qd2 b5 9. O-O-O Nbd7 10. Kb1 Bb7 11. Qe1 Nb6 12. Nb3 Rc8 13. Na5 Ba8 14.
Qf2 Nfd7 15. Rc1 d5 16. exd5 Bb4 17. dxe6 fxe6 18. Nb3 Bxc3 19. bxc3 O-O 20. Bd3 Na4 21. Qh4 Nf6 22. Bd2 h6 23. Qg3 e5 24. Rhe1 Rce8 25. Qf2 Nd5 26. Ka1 Ndxc3 27. Qg3 b4 28. Qg6 e4 29.
Bxa6 Qe5 30. Bc4+ Kh8 31. f4 Qe7 32. Bb5 Rc8 33. Bxa4 Nxa4 34. Qa6 Bc6 35. Qc4 Qf6+ 36.
Qd4 Nc3 37. Qxf6 Rxf6 38. Kb2 Bb7 39. g3 Ra6 40. Ra1 Na4+ 41. Kb1 Nc3+ 42. Kb2 Bd5 43. a3 Na4+ 44. Kb1 Nc3+ 45. Kb2 Na4+ 46. Kb1 Rac6 47.
axb4 Rxc2 48. Nc1 Rb2# 0-1